 Dungeon Crawl Stone Soup version 0.28.0-61-g67df4f89a8 (webtiles) character file.

Game seed: 3147144586318616784

44 NotaViper the Chiller (level 3, -2/25 HPs)
             Began as a Human Wanderer on Feb 13, 2023.
             Was a Follower of Wu Jian.
             Slain by a gnoll
             ... wielding a +0 club
              (3 damage)
             ... on level 2 of the Dungeon.
             The game lasted 00:06:53 (1682 turns).

NotaViper the Chiller (Human Wanderer)              Turns: 1682, Time: 00:06:54

Health: -2/25      AC:  6    Str: 16    XL:     3   Next: 87%
Magic:  4/4        EV:  9    Int: 13    God:    Wu Jian [*.....]
Gold:   78         SH:  0    Dex:  9    Spells: 3/4 levels left

rFire   . . .      SeeInvis .   i - +0 hand axe
rCold   . . .      Faith    .   (no shield)
rNeg    . . .      Spirit   .   b - +0 scale mail
rPois   .          Reflect  .   (no helmet)
rElec   .          Harm     .   (no cloak)
rCorr   .          Rampage  .   (no gloves)
Will    .....                   (no boots)
Stlth   ..........              f - amulet of the acrobat
HPRegen 0.08/turn               (no ring)
MPRegen 0.09/turn               (no ring)

@: no status effects
A: no striking features
a: Renounce Religion


You were on level 2 of the Dungeon.
You worshipped Wu Jian.
Wu Jian was aware of your devotion.
You visited 1 branch of the dungeon, and saw 2 of its levels.

You collected 78 gold pieces.

Inventory:

Hand Weapons
 a - a +0 club
 c - a +0 club
 i - a +0 hand axe (weapon)
 l - a +0 whip
 o - a +0 mace
 r - a +0 rapier
Missiles
 d - 38 stones (quivered)
 j - 18 sling bullets
 n - 22 arrows
Armour
 b - a +0 scale mail (worn)
 h - a +0 ring mail
 m - a +0 scale mail
Jewellery
 f - an amulet of the acrobat (around neck)
 g - an amulet of magic regeneration
Scrolls
 k - a scroll of immolation {unknown}
 p - a scroll of enchant weapon {unknown}
 q - a scroll of identify {unknown}
Potions
 e - a potion of curing {unknown}
 s - a potion of mutation {unknown}
 t - a potion of ambrosia {unknown}


   Skills:
 + Level 0.4 Fighting
 + Level 0.9(1.0) Axes
 + Level 0.5(0.9) Maces & Flails
 + Level 1.2 Armour
 + Level 2.0 Dodging
 + Level 0.1 Stealth
 + Level 1.1 Spellcasting
 + Level 4.6 Ice Magic
 + Level 2.1 Poison Magic


You had 3 spell levels left.
You knew the following spells:

 Your Spells              Type           Power      Damage    Failure   Level
a - Freeze                Ice            48%        1d7       16%         1

Your spell library contained the following spells:

 Spells                   Type           Power      Damage    Failure   Level
 Ozocubu's Armour         Ice            12%        N/A       41%         3
 Sting                    Tmut/Pois      12%        1d3       54%         1
 Mephitic Cloud           Conj/Pois/Air  2%         N/A       93%         3
 Ice Form                 Ice/Tmut       6%         N/A       98%         4


Dungeon Overview and Level Annotations

Branches:
Dungeon (2/15)

Altars:
Wu Jian


Message History

A gnoll comes into view. It is wielding a +0 flail.
You hit the gnoll.
The gnoll is moderately wounded.
The gnoll hits you but does no damage.
You barely miss the gnoll.
The gnoll is moderately wounded.
The gnoll closely misses you. The gnoll hits you with a +0 club!
You closely miss the gnoll.
The gnoll is moderately wounded.
The gnoll closely misses you.
You closely miss the gnoll.
The gnoll is moderately wounded.
The gnoll hits you with a +0 club.
You closely miss the gnoll.
The gnoll is moderately wounded.
The gnoll hits you with a +0 club.
* * * LOW HITPOINT WARNING * * *
You hit the gnoll.
The gnoll is heavily wounded.
The gnoll hits you with a +0 club.
* * * LOW HITPOINT WARNING * * *
You closely miss the gnoll. The gnoll barely misses you.
You slash the gnoll!
The gnoll is severely wounded.
The gnoll completely misses you.
You slash the gnoll!
You kill the gnoll!
The Council accepts your kill. The gnoll barely misses you.
You closely miss the gnoll.
The gnoll is heavily wounded.
The gnoll barely misses you.
You barely miss the gnoll.
The gnoll is heavily wounded.
The gnoll hits you with a +0 club.
* * * LOW HITPOINT WARNING * * *
You barely miss the gnoll.
The gnoll is heavily wounded.
The gnoll hits you with a +0 club.
You die...

...........##.##........##)
........##.##.##........##.
..########.##.###.......##.
########.##.# #.......##.
............###.......##.
########.###.............
######.###.#####.......
#..........<.# #..#####
#.####@###.#.# ##.# ##. #g#
#.#.# #.# #.. #g# #.#.##
#.# ##. #r# #....###.# ##
#.# #.....##.##### ..#
#.....<....†.. ..#
#.....##...### ..#
##...###...# # ##.## #..##


You could see 2 gnolls and a rat.

Vanquished Creatures
  A gnoll (D:2)
  2 dart slugs (D:1)
  4 ball pythons
  3 endoplasms (D:1)
  A giant cockroach (D:1)
  2 goblins (D:1)
  A hobgoblin (D:1)
  A quokka (D:1)
  5 bats
  5 frilled lizards (D:1)
  A kobold (D:1)
  7 rats
33 creatures vanquished.

Vanquished Creatures (others)
  6 plants (D:1)
6 creatures vanquished.

Grand Total: 39 creatures vanquished

Notes
Turn   | Place    | Note
-------+----------+-------------------------------------------
     0 | D:1      | NotaViper the Human Wanderer began the quest for the Orb.
     0 | D:1      | NotaViper set off with the following items: a +0 club, a +0
                  | scale mail; and the following spells available to memorise:
                  | Freeze, Sting, Ozocubu's Armour, Mephitic Cloud, Ice Form
     0 | D:1      | Reached XP level 1. HP: 13/13 MP: 2/2
     2 | D:1      | Learned a level 1 spell: Freeze
   253 | D:1      | Reached XP level 2. HP: 16/19 MP: 3/3
   951 | D:1      | Reached XP level 3. HP: 24/24 MP: 4/4
  1491 | D:1      | Found a faded altar of an unknown god.
  1502 | D:1      | Prayed at the altar of an unknown god.
  1502 | D:1      | Became a worshipper of the Wu Jian Council
  1502 | D:1      | Reached * piety under Wu Jian
  1681 | D:2      | HP: 1/25 [gnoll/+0 club (3)]
  1682 | D:2      | Slain by a gnoll

Illustrated notes

Levels and vault maps discovered:
D:1:      wander_arrival_peaceful_grave, layout_loops_corners,
          shapermc_ecumenical_altar_petra
D:2:      layout_loops_ring

Action                   || total
-------------------------++-------
Melee: Club              ||    21
       Hand axe          ||   103
       Punch             ||     2
 Cast: Freeze            ||     3
Invok: Whirlwind         ||     5
       Lunge             ||     1
Armor: Scale mail        ||    52
Dodge: Dodged            ||    87
